 Dungeon Crawl Stone Soup version 0.26.1-10-gdfb7c7de75 (webtiles) character file.

Game seed: 14270174401253667563

845 Revguard the Stinger (level 8, -4/45 HPs)
             Began as a Tengu Venom Mage on Apr 1, 2021.
             Shot with an arrow by a centaur (9 damage)
             ... on level 5 of the Dungeon.
             The game lasted 00:16:10 (5643 turns).

Revguard the Stinger (Tengu Venom Mage)             Turns: 5643, Time: 00:16:10

Health: -4/45      AC:  6    Str: 10    XL:     8   Next: 0%
Magic:  10/14      EV: 15    Int: 16    God:
Gold:   255        SH:  0    Dex: 18    Spells: 5/14 levels left

rFire    . . .     SeeInvis .   o - +2 dagger (venom)
rCold    + . .     Faith    .   (no shield)
rNeg     . . .     Spirit   .   c - +0 leather armour
rPois    +         Reflect  .   (helmet restricted)
rElec    .         Harm     .   (no cloak)
rCorr    .         Rampage  .   r - +2 pair of gloves {Dex+3}
Will     +....                  (boots unavailable)
Stlth    ++........             (no amulet)
HPRegen  0.15/turn              e - ring of poison resistance
MPRegen  0.14/turn              p - ring of protection from cold

@: flying quickly and evasively, quick
A: beak, talons 3, blurry vision 1, strong-willed 1, mutation resistance 1, able
to fly
a: no special abilities


You were on level 5 of the Dungeon.
You visited 1 branch of the dungeon, and saw 5 of its levels.

You collected 255 gold pieces.

Inventory:

Hand Weapons
 i - a +0 short sword of freezing
 o - a +2 dagger of venom (weapon)
 t - a +0 falchion of flaming
Armour
 c - a +0 leather armour (worn)
 r - a +2 pair of gloves of dexterity (worn)
Jewellery
 e - a ring of poison resistance (left hand)
 p - a ring of protection from cold (right hand)
Wands
 b - a wand of acid (7)
Scrolls
 d - 3 scrolls of teleportation
 k - a scroll of amnesia
 s - a scroll of remove curse
Potions
 a - a potion of cancellation
 g - a potion of brilliance
 j - a potion of haste
 l - a potion of might
 q - a potion of flight


   Skills:
 * Level 2.3 Fighting
 + Level 1.5 Short Blades
 + Level 2.1 Armour
 + Level 2.6 Dodging
 * Level 3.4 Stealth
 * Level 3.7 Spellcasting
 * Level 2.8 Conjurations
 + Level 2.0 Transmutations
 * Level 2.5 Fire Magic
 * Level 3.2 Air Magic
 * Level 4.5 Poison Magic


You had 5 spell levels left.
You knew the following spells:

 Your Spells              Type           Power        Failure   Level
a - Sting                 Tmut/Pois      52%          6%          1
b - Poisonous Vapours     Pois/Air       30%          7%          2
c - Ignite Poison         Fire/Tmut/Pois 12%          21%         3
d - Mephitic Cloud        Conj/Pois/Air  14%          16%         3

Your spell library contained the following spells:

 Spells                   Type           Power        Failure   Level
 Olgreb's Toxic Radiance  Pois           17%          34%         4


Dungeon Overview and Level Annotations

Branches:
Dungeon (5/15)
 Temple: D:4-7

Altars:
Ru
Sif Muna
Uskayaw
Zin

Annotations:
D:5 1 runed translucent door, mandor's ghost, novice DgTm


Innate Abilities, Weirdness & Mutations

You have a beak for a mouth.
You have claws for feet.
You can fly continuously.
Scrolls take you a little longer to read.
You are strong-willed. (Will+)
You are somewhat resistant to further mutation.


Message History

Poisonous vapours surround the centaur!
The centaur is engulfed in poison gas.
The centaur is poisoned.
The centaur shoots an arrow.
The arrow barely misses you.
The centaur shoots an arrow.
The arrow hits you.
* * * LOW HITPOINT WARNING * * *
The centaur shoots an arrow.
The arrow barely misses you.
Things that are here:
2 arrows; a potion of curing
There is a stone staircase leading up here.
Casting: Poisonous Vapours (safe; 7% risk of failure)
Confirm with . or Enter, or press ? or * to list all spells.
Aiming: Poisonous Vapours (safe; 7% risk of failure)
Press: ? - help, Dir - move target, f/p - centaur
Aim: a centaur, wielding a +0 shortbow and quivering 11 arrows (moderately wounded, poisoned) Poisonous vapours surround the centaur!
The centaur is engulfed in poison gas.
The centaur looks even sicker.
The centaur shoots an arrow.
The arrow hits you!
* * * LOW HITPOINT WARNING * * *
The centaur is engulfed in poison gas.
The centaur looks even sicker.
The centaur shoots an arrow.
The arrow hits you!
You die...

..##.##(.### #......#
...........# #....).#
......[..((###......#
.........†..##......#
....................#
........#...(.......#
.....?..##.>........#
........##....).....#
.......((@..........#
........###....###.##
........# ##...# .#
.<..>...# #...# #
........# ......
.......## ........
..c...# ......#..#
...... ......#..#


You could see a centaur (very poisoned).

Vanquished Creatures
  Menkaure (D:5)
  A black bear (D:4)
  A centaur (D:5)
  2 centaur zombies (D:5)
  5 orc wizards
  4 worker ants
  7 gnolls
  7 adders
  2 oozes (D:1)
  3 dart slugs
  2 leopard geckos
  15 orcs
  A ball python (D:4)
  6 bats (D:1)
  2 giant cockroaches (D:3)
  9 goblins
  9 hobgoblins
  6 jackals
  4 quokkas
  9 frilled lizards
  17 kobolds
  A quokka skeleton (D:5)
  7 rats
121 creatures vanquished.

Notes
Turn   | Place    | Note
-------+----------+-------------------------------------------
     0 | D:1      | Revguard the Tengu Venom Mage began the quest for the Orb.
     0 | D:1      | Reached XP level 1. HP: 10/10 MP: 4/4
   182 | D:1      | Reached XP level 2. HP: 9/15 MP: 0/6
   185 | D:1      | Learned a level 2 spell: Poisonous Vapours
   624 | D:1      | Reached skill level 1 in Transmutations
   624 | D:1      | Reached XP level 3. HP: 19/19 MP: 4/7
  1361 | D:1      | Learned a level 3 spell: Ignite Poison
  1404 | D:1      | Gained mutation: Scrolls take you a little longer to read.
                  | [potion of mutation]
  1404 | D:1      | Gained mutation: You are strong-willed. (Will+) [potion of
                  | mutation]
  1404 | D:1      | Gained mutation: You are somewhat resistant to further
                  | mutation. [potion of mutation]
  1509 | D:2      | Reached XP level 4. HP: 20/24 MP: 4/8
  1591 | D:2      | Found a glowing silver altar of Zin.
  1658 | D:2      | Found a shimmering blue altar of Sif Muna.
  1772 | D:2      | Reached skill level 1 in Short Blades
  2135 | D:2      | Found a hide-covered altar of Uskayaw.
  2702 | D:3      | Gained mutation: You can fly continuously. [Tengu growth]
  2702 | D:3      | Reached XP level 5. HP: 28/28 MP: 10/10
  2986 | D:3      | Learned a level 3 spell: Mephitic Cloud
  3208 | D:3      | Reached skill level 1 in Armour
  3237 | D:3      | Reached skill level 1 in Fire Magic
  3433 | D:3      | Reached skill level 1 in Air Magic
  3479 | D:3      | Found a sacrificial altar of Ru.
  3548 | D:3      | Reached skill level 1 in Conjurations
  3551 | D:3      | Reached skill level 1 in Fighting
  3551 | D:3      | Reached XP level 6. HP: 19/34 MP: 3/11
  3951 | D:4      | Found a glowing silver altar of Zin.
  4137 | D:4      | Noticed a black bear
  4169 | D:4      | Killed a black bear
  4170 | D:4      | Reached skill level 4 in Poison Magic
  4184 | D:4      | Reached XP level 7. HP: 24/39 MP: 2/12
  5066 | D:5      | Entered Level 5 of the Dungeon
  5066 | D:5      | Found a runed translucent door.
  5070 | D:5      | Noticed mandor's ghost (novice DgTm)
  5260 | D:5      | Noticed Menkaure
  5281 | D:5      | Killed Menkaure
  5632 | D:5      | Reached XP level 8. HP: 17/45 MP: 14/14
  5643 | D:5      | Shot with an arrow by a centaur

Illustrated notes

Levels and vault maps discovered:
D:1:      lightli_arrival_chessboard, layout_basic
D:2:      layout_loops_cross, lemuel_doored_altar, lemuel_round_altar,
          overflow_temple_1_default, serial_co_window_serial, co_window_cross_1,
          co_window_paths_a, co_window_cross_1, co_window_corner_a,
          co_window_paths_a, co_window_paths_c, co_window_paths_c,
          co_window_of_opportunity_c, glass_columns_c, glass_columns_c,
          glass_columns_c, glass_columns_a, glass_columns_a
D:3:      layout_basic, lemuel_coloured_pillars_altar
D:4:      layout_basic, amcnicky_altar_gilded
D:5:      layout_rooms, kennysheep_mini_moat, ebering_ghost_sewer_d,
          uniq_menkaure

Skill      XL: |  1  2  3  4  5  6  7 |
---------------+----------------------+-----
Transmutations | 1 2 |  2.0
Short Blades   | 1 |  1.5
Armour         | 1 2 |  2.1
Fire Magic     | 1 2 |  2.5
Air Magic      | 1 2 3 |  3.2
Conjurations   | 1 2 |  2.8
Fighting       | 1 2 |  2.3
Spellcasting   | 3 |  3.7
Stealth        | 3 |  3.4
Poison Magic   | 4 |  4.5
Dodging        | |  2.6

Action                   |  1- 3 |  4- 6 |  7- 9 || total
-------------------------+-------+-------+-------++-------
Melee: Unarmed           |    11 |       |       ||    11
       Peck              |     8 |    13 |    18 ||    39
       Kick              |     6 |    30 |    21 ||    57
       Dagger            |    39 |    66 |    69 ||   174
       Short sword       |       |    36 |       ||    36
 Cast: Sting             |    48 |    29 |     1 ||    78
       Poisonous Vapours |       |    16 |    11 ||    27
 Abil: Fly               |       |     1 |       ||     1
  Use: Potion            |     5 |       |     4 ||     9
       Scroll            |     3 |     2 |     2 ||     7
 Stab: Sleeping          |       |       |     1 ||     1
Armor: Robe              |     3 |       |       ||     3
       Leather armour    |    23 |    17 |    12 ||    52
Dodge: Dodged            |    56 |    81 |    65 ||   202
